 Dungeon Crawl Stone Soup version 0.31.0-11-ge490571c62 (webtiles) character file.

Game seed: 2567772328477442616

3509 ProzacElf the Grappler (level 9, -5/74 HPs)
             Began as a Red Draconian Shapeshifter on Feb 4, 2024.
             Was a Believer of Yredelemnul.
             Killed from afar by an electric eel (12 damage)
             ... with a bolt of electricity
             ... on level 9 of the Dungeon.
             The game lasted 00:15:20 (8318 turns).

ProzacElf the Grappler (Red Draconian Shapeshifter) Turns: 8318, Time: 00:15:20

Health: -5/74      AC:  7    Str: 18    XL:     9   Next: 81%
Magic:  13/13      EV: 13    Int: 11    God:    Yredelemnul [**....]
Gold:   417        SH:  0    Dex: 13    Spells: 7/8 levels left

rFire   + .          .
                       - Unarmed
rCold   . . .        (no shield)
rNeg    . . .        (body armour unavailable)
rPois   .            (helmet currently unavailable)
rElec   .            E - melded +0 cloak
rCorr   .            (gloves currently unavailable)
SInv    .            (boots currently unavailable)
Will    +....        n - amulet of magic regeneration
Stlth   +            s - ring of willpower
HPRegen 0.32/turn    m - +4 ring of slaying {=R}
MPRegen 0.53/turn

%: no passive effects
@: beast-form
A: beast (slay +3), breathe fire, AC +7, unfitting armour, fire resistance 1,
cold-blooded
a: Breathe Fire, Begin Untransformation, Renounce Religion, Recall Undead
Harvest, Dark Bargain


You were on level 9 of the Dungeon.
You worshipped Yredelemnul.
Yredelemnul was noncommittal.
You were a hulking beast.
You visited 1 branch of the dungeon, and saw 9 of its levels.

You collected 445 gold pieces.
You spent 28 gold pieces at shops.

Inventory:

Hand Weapons
 b - a +1 dagger of venom
Missiles
 j - 12 boomerangs (quivered)
 t - 2 poisoned darts
 w - a throwing net
Armour
 D - a +0 kite shield
 E - a +0 cloak (melded)
Jewellery
 f - a ring of resist corrosion
 m - a +4 ring of slaying (right hand) {=R}
 n - an amulet of magic regeneration (around neck)
 s - a ring of willpower (left hand)
 y - a ring of poison resistance
Talismans
 a - a beast talisman (active)
 c - a flux talisman
 x - a blade talisman
Wands
 l - a wand of roots (8)
 A - a wand of paralysis (11)
 F - a wand of polymorph (5)
Scrolls
 e - 2 scrolls of revelation
 g - 2 scrolls of fear
 h - 2 scrolls of teleportation
 k - 2 scrolls of amnesia
 o - a scroll of fog
 p - a scroll of immolation {unknown}
 u - 2 scrolls of vulnerability {unknown}
Potions
 d - a potion of mutation
 i - a potion of invisibility
 q - a potion of resistance
 r - a potion of berserk rage
 v - 2 potions of curing
 z - a potion of enlightenment
 B - a potion of ambrosia {unknown}
 C - a potion of might
 G - a potion of heal wounds


   Skills:
 - Level 5.0 Fighting
 - Level 5.0 Dodging
 - Level 10.0 Unarmed Combat
 + Level 5.9 Invocations
 + Level 5.9 Shapeshifting


You had 7 spell levels left.
You knew the following spells:

 Your Spells              Type           Power      Damage    Failure   Level
p - Apportation           Tloc           0%         N/A       34%         1

Your spell library contained the following spells:

 Spells                   Type           Power      Damage    Failure   Level
 Freeze                   Ice            0%         1d3       34%         1
 Jinxbite                 Hex            0%         N/A       47%         2
 Frozen Ramparts          Ice            0%         1d1       71%         3
 Hailstorm                Conj/Ice       0%         3d5       71%         3
 Alistair's Intoxication  Alch           0%         N/A       100%        5
 Summon Forest            Summ/Tloc      0%         N/A       100%        5
 Summon Mana Viper        Hex/Summ       0%         N/A       100%        5
 Summon Cactus Giant      Summ           0%         N/A       100%        6


Dungeon Overview and Level Annotations

Branches:
Dungeon (9/15)             Temple (0/1) D:7
   Lair: D:8-11         Orc: D:9-12

Altars:
Fedhas
Nemelex Xobeh
Wu Jian
Yredelemnul
Zin

Shops:
D:3 *?   D:4 :

Annotations:
D:2 1 runed translucent door, Crazy Yiuf
D:3 3 runed translucent doors, knightboat's ghost, amateur HOMo
D:4 exclusion: oklob plant
D:6 3 runed translucent doors, howech's ghost, novice OpSh


Innate Abilities, Weirdness & Mutations

You are a hulking beast.
Your limbs bulge with bestial killing power. (Slay +3)
You can breathe blasts of fire.
Your fiery red scales are hard. (AC +7)
You cannot fit into any form of body armour.
Your flesh is heat resistant. (rF+)
You are cold-blooded and may be slowed by cold attacks.


Message History

Tha bolt o' electricity hits tha ice beast.
Tha bolt o' electricity hits yer howler monkey zombie.
Tha bolt o' electricity hits ye.
Tha bolt o' electricity hits ye!
* * * LOW HITPOINT WARNIN'
* * * Tha ice beast barely misses yer howler monkey zombie.
Yer howler monkey zombie hits tha gnoll.
Ye take 14 damage, an' haf 20/74 hp.
Aimin': Breatha Fire (4% risk o' failure)
Press: ? - help, Shift-Dir - straight line, f - electric eel
Aim: an electric eel ('lly target, 48% ta hit) Ye fail ta use yer ability.
Tha gnoll barely misses ye.
Tha electric eel shoots out a bolt o' lightnin' at ye!
Tha bolt o' electricity hits tha ice beast!
Tha ice beast dies!
Tha bolt o' electricity hits yer howler monkey zombie!
Tha bolt o' electricity hits ye!
* * * LOW HITPOINT WARNIN'
* * * Tha bolt o' electricity misses ye.
Tha gnoll hits somethin' wit' a +0 flail.
Yer gnoll sergeant zombie struggles against tha net.
Yer howler monkey zombie hits tha gnoll.
Ye take 13 damage, an' haf 7/74 hp.
Ye swap places.
Tha gnoll hits yer howler monkey zombie wit' a +0 spear!
Yer howler monkey zombie be destroyed!
Ye see 'ere a +0 spear.
Ye swap places.
Yer gnoll sergeant zombie struggles against tha net.
Tha net rips apart, an' yer gnoll sergeant zombie comes free!
Tha gnoll hits yer gnoll zombie wit' a +0 spear.
Yer gnoll zombie hits tha electric eel but does nay damage.
Tha electric eel shoots out a bolt o' lightnin' at ye!
Tha bolt o' electricity hits yer gnoll zombie!
Yer gnoll zombie be destroyed!
Tha bolt o' electricity hits yer kobold brigand zombie!
Tha bolt o' electricity hits yer kobold zombie!
Yer kobold zombie be destroyed!
Tha bolt o' electricity hits ye!
Ye die...
Yer body rises from tha dead as a mindless zombie.

≈≈~..~~~≈~~....
#~~~~~≈~≈~~~~~
##......~~≈...~
.......~~~.~~..
#....gS......
#..Z.)gZ..#
###Z# #).Z#
#h###### #Z#
... #Z#..# .
##Z#.# ..
######....# ..
......))### ..
#######)# ..
#..# .. #.##


You could see an electric eel (ally target), a gnoll (unaware, ally target), a
centaur simulacrum, a friendly spectral white imp, a friendly gnoll sergeant
zombie, a friendly kobold zombie, a friendly kobold brigand zombie and a
friendly howler monkey zombie.

Vanquished Creatures
  2 unseen horror simulacra (D:9)
  2 water moccasins (D:6)
  An orc warrior (D:7)
  2 ice beasts
  2 sky beasts (D:6)
  A wolf (D:9)
  2 ogres
  A centaur (D:7)
  2 kobold brigands
  A phantom (D:5)
  A bullfrog (D:8)
  5 scorpions
  A gnoll sergeant (D:9)
  4 wights (D:8)
  A killer bee (D:8)
  6 howler monkeys
  2 bombardier beetles
  6 orc priests
  3 hounds
  A gnoll bouda (D:5)
  2 jellies
  5 orc wizards
  An iguana (D:6)
  A centaur simulacrum (D:9)
  Robin (D:4)
  5 gnolls
  7 adders
  3 white imps
  A dart slug (D:2)
  A ribbon worm (D:5)
  26 orcs
  6 ball pythons
  5 endoplasms
  4 giant cockroaches
  19 goblins
  11 hobgoblins
  7 jackals
  3 quokkas
  4 bats
  4 frilled lizards
  15 kobolds
  9 rats
186 creatures vanquished.

Vanquished Creatures (collateral kills)
  An ice beast (D:5)
  A wight (D:8)
  A bombardier beetle (D:5)
  A gnoll (D:5)
4 creatures vanquished.

Vanquished Creatures (others)
  An ice beast (D:9)
  A wolf zombie (D:9)
  3 scorpion zombies (D:5)
  A hound zombie (D:5)
  A howler monkey zombie (D:9)
  A gnoll (D:9)
  An adder zombie (D:5)
  A spectral white imp (D:9)
  A gnoll zombie (D:9)
  2 goblin zombies (D:4)
  3 hobgoblin zombies (D:4)
  3 jackal zombies
  4 kobold zombies
  13 orc zombies
  A quokka zombie (D:4)
37 creatures vanquished.

Grand Total: 227 creatures vanquished

Notes
Turn   | Place    | Note
-------+----------+-------------------------------------------
     0 | D:1      | ProzacElf the Draconian Shapeshifter began the quest for
                  | the Orb.
     0 | D:1      | Reached XP level 1. HP: 16/16 MP: 1/1
   245 | D:1      | Reached XP level 2. HP: 22/23 MP: 2/2
   651 | D:1      | Reached XP level 3. HP: 28/28 MP: 3/3
   860 | D:2      | Found a runed translucent door.
   861 | D:2      | Noticed Crazy Yiuf
  1052 | D:2      | Learned a level 1 spell: Apportation
  1379 | D:2      | Reached skill level 4 in Unarmed Combat
  1437 | D:2      | Reached XP level 4. HP: 35/35 MP: 4/4
  1823 | D:3      | Found a glowing silver altar of Zin.
  1823 | D:3      | Found a basalt altar of Yredelemnul.
  1823 | D:3      | Found a sparkling altar of Nemelex Xobeh.
  1936 | D:3      | Became a worshipper of Yredelemnul the Dark
  2209 | D:3      | Found Ugeitroch's General Store.
  2250 | D:3      | Reached * piety under Yredelemnul
  2397 | D:3      | Found The Oracle's Delphic Readings.
  2404 | D:3      | Reached XP level 5. HP: 40/40 MP: 5/5
  2408 | D:3      | Bought a scroll of identify for 28 gold pieces
  2496 | D:3      | Found a runed translucent gate.
  2496 | D:3      | Found a runed translucent gate.
  2496 | D:3      | Found a runed translucent gate.
  2496 | D:3      | Noticed knightboat's ghost (amateur HOMo)
  3006 | D:4      | Found a blossoming altar of Fedhas.
  3026 | D:4      | Noticed an oklob plant
  3075 | D:4      | Noticed an ogre
  3080 | D:4      | Killed an ogre
  3081 | D:4      | Reached skill level 5 in Unarmed Combat
  3081 | D:4      | Reached XP level 6. HP: 47/47 MP: 6/6
  3135 | D:4      | Noticed Robin
  3167 | D:4      | Killed Robin
  3173 | D:4      | Your ally Robin died
  3411 | D:4      | Found Ongo's Tremendous Tomes.
  3811 | D:5      | Entered Level 5 of the Dungeon
  4030 | D:5      | Noticed an ice beast
  4038 | D:5      | Killed an ice beast
  4039 | D:5      | Reached skill level 5 in Dodging
  4039 | D:5      | Reached skill level 6 in Unarmed Combat
  4039 | D:5      | Your scales start taking on a fiery red colour.
  4039 | D:5      | Reached XP level 7. HP: 45/52 MP: 7/7
  4039 | D:5      | Gained mutation: Your flesh is heat resistant. (rF+) [Red
                  | Draconian growth]
  4136 | D:5      | Reached ** piety under Yredelemnul
  4137 | D:5      | Reached skill level 7 in Unarmed Combat
  4349 | D:5      | Reached *** piety under Yredelemnul
  4438 | D:5      | Reached XP level 8. HP: 34/66 MP: 8/8
  5142 | D:6      | Found a runed translucent gate.
  5142 | D:6      | Found a runed translucent gate.
  5142 | D:6      | Found a runed translucent gate.
  5143 | D:6      | Noticed howech's ghost (novice OpSh)
  5328 | D:6      | Reached skill level 8 in Unarmed Combat
  5394 | D:6      | Reached skill level 5 in Fighting
  5913 | D:7      | Reached skill level 9 in Unarmed Combat
  5968 | D:7      | HP: 3/68 [ogre/+0 giant club (32)]
  6328 | D:7      | Noticed a cyclops
  6663 | D:7      | Reached skill level 10 in Unarmed Combat
  6737 | D:7      | Reached skill level 1 in Invocations
  6737 | D:7      | Reached XP level 9. HP: 74/74 MP: 9/9
  7076 | D:7      | Found a staircase to the Ecumenical Temple.
  7752 | D:8      | Found an ornate altar of the Wu Jian Council.
  8065 | D:9      | Reached skill level 5 in Shapeshifting
  8075 | D:9      | Reached skill level 5 in Invocations
  8318 | D:9      | Killed from afar by an electric eel

Illustrated notes

Levels and vault maps discovered:
D:1:      minmay_arrival_three_doors, layout_loops_ring
D:2:      layout_basic, uniq_crazy_yiuf_cottage
D:3:      layout_basic, chequers_temple_overflow_statue_of_worship,
          ebering_ghost_rock_garden, serial_shops, shop,
          nicolae_nh_oracle_at_delphi
D:4:      layout_basic, tgw_fedhas, nicolae_shop_i_like_big_books,
          serial_bayou_pond_d, uniq_robin
D:5:      layout_basic
D:6:      layout_loops_ring, gammafunk_ghost_split
D:7:      layout_basic, minmay_temple_entry_fiery
D:8:      layout_rooms, mainiacjoe_overflow_six_doors_small
D:9:      layout_roguey, led_sif_book, serial_ice, serial_ice_d, serial_ice_k,
          serial_ice_f, serial_ice_h

Skill      XL: |  1  2  3  4  5  6  7  8  9 |
---------------+----------------------------+-----
Dodging        | 2 3 4 5 |  5.0
Unarmed Combat | 4 5 6 7 10 | 10.0
Fighting       | 3 5 |  5.0
Invocations    | 1 5 |  5.9
Shapeshifting  | 5 |  5.9

Action                     |  1- 3 |  4- 6 |  7- 9 || total
---------------------------+-------+-------+-------++-------
  Melee: Unarmed           |    97 |   116 |   267 ||   480
         Tailslap          |     7 |    16 |    44 ||    67
         Punch             |     3 |     2 |    19 ||    24
  Throw: Boomerang         |       |     3 |       ||     3
    Use: Potion            |       |     3 |     2 ||     5
         Scroll            |       |     9 |     6 ||    15
   Stab: Sleeping          |       |     1 |     1 ||     2
         Distracted        |       |       |     1 ||     1
 Armour: Skin              |    37 |    57 |   158 ||   252
  Dodge: Dodged            |    61 |    70 |   156 ||   287
   Form: Beast             |       |       |     2 ||     2
                           |       |       |     1 ||     1

Action                     |  1- 3 |  4- 6 |  7- 9 || total
---------------------------+-------+-------+-------++-------
  Melee: Unarmed           |    97 |   116 |   267 ||   480
         Tailslap          |     7 |    16 |    44 ||    67
         Punch             |     3 |     2 |    19 ||    24
  Throw: Boomerang         |       |     3 |       ||     3
    Use: Potion            |       |     3 |     2 ||     5
         Scroll            |       |     9 |     6 ||    15
   Stab: Sleeping          |       |     1 |     1 ||     2
         Distracted        |       |       |     1 ||     1
 Armour: Skin              |    37 |    57 |   158 ||   252
  Dodge: Dodged            |    61 |    70 |   156 ||   287
   Form: Beast             |       |       |     2 ||     2
                           |       |       |     1 ||     1

Levels and vault maps discovered:
D:1:      minmay_arrival_three_doors, layout_loops_ring
D:2:      layout_basic, uniq_crazy_yiuf_cottage
D:3:      layout_basic, chequers_temple_overflow_statue_of_worship,
          ebering_ghost_rock_garden, serial_shops, shop,
          nicolae_nh_oracle_at_delphi
D:4:      layout_basic, tgw_fedhas, nicolae_shop_i_like_big_books,
          serial_bayou_pond_d, uniq_robin
D:5:      layout_basic
D:6:      layout_loops_ring, gammafunk_ghost_split
D:7:      layout_basic, minmay_temple_entry_fiery
D:8:      layout_rooms, mainiacjoe_overflow_six_doors_small
D:9:      layout_roguey, led_sif_book, serial_ice, serial_ice_d, serial_ice_k,
          serial_ice_f, serial_ice_h
